 Dungeon Crawl Stone Soup version 0.21.1-1-g345015f (webtiles) character file.

121 homeworkjunkie the Skirmisher (level 5, -1/47 HPs)
             Began as a Hill Orc Fighter on Mar 9, 2018.
             Killed from afar by a hobgoblin (15 damage)
             ... with a wand of acid (4)
             ... on level 3 of the Dungeon.
             The game lasted 00:02:22 (1081 turns).

homeworkjunkie the Skirmisher (Hill Orc Fighter)    Turns: 1081, Time: 00:02:23

Health: -1/47      AC: 12    Str: 20    XL:     5   Next: 5%
Magic:  5/5        EV:  5    Int:  8    God:
Gold:   52         SH:  9    Dex: 10    Spells: 4/4 levels left

rFire    . . .     SeeInvis .   a - +1 war axe
rCold    . . .     Gourm    .   c - +0 shield
rNeg     . . .     Faith    .   j - +0 chain mail
rPois    .         Spirit   .   (no helmet)
rElec    .         Reflect  .   h - +2 cloak
rCorr    .         Harm     .   (no gloves)
MR       .....                  (no boots)
Stlth    ..........             (no amulet)
HPRegen  0.15/turn              (no ring)
MPRegen  0.09/turn              (no ring)

@: lethally poisoned (-1 -> -28), starving, slowed, very slow
A: no striking features
a: no special abilities


You were on level 3 of the Dungeon.
You were starving.

You visited 1 branch of the dungeon, and saw 4 of its levels.

You collected 52 gold pieces.

Inventory:

Hand Weapons
 a - a +1 war axe (weapon)
Armour
 c - a +0 shield (worn)
 h - a +2 cloak (worn)
 j - a +0 chain mail (worn)
Wands
 g - a wand of paralysis (5)
Scrolls
 e - a scroll of identify
Potions
 d - a potion of might
 l - a potion of flight
Comestibles
 f - a ration


   Skills:
 * Level 4.4 Fighting
 * Level 4.1 Axes
 * Level 4.0 Armour
 + Level 0.2 Dodging
 + Level 0.1 Stealth
 * Level 4.2 Shields


You had 4 spell levels left.
You didn't know any spells.

Dungeon Overview and Level Annotations

Branches:
Dungeon (4/15)
 Temple: D:4-7

Altars:


Message History

You are more poisoned.
The hobgoblin zaps a wand.
The bolt of acid misses the kobold.
The bolt of acid misses you.
It is a wand of acid (4).
The kobold hits you but does no damage.
You closely miss the hungry ghost.
The hungry ghost is moderately damaged.
You hit the kobold.
You kill the kobold!
You feel very sick. The hungry ghost hits you.
You feel somewhat more hungry.
The kobold shoots a poisoned needle.
You block the poisoned needle. You block the hungry ghost's attack.
You block the hobgoblin's attack.
You miss the hungry ghost.
The hungry ghost is moderately damaged.
You closely miss the hobgoblin.
* * * LOW HITPOINT WARNING * * *
You feel very sick. You block the hungry ghost's attack.
The hobgoblin zaps a wand.
The bolt of acid hits you!
You die...

#..# #####... #..
......##### ..
#.........# #.#
#.........#
..###.........#
..##..g......#
#.##.(@W....>#
#.##(..$.....#
#..K.........#
######.############
###
.................
.. ........†..#####
.. .########....###
###. ##.#...# #..
#...#.###.#


You could see a hungry ghost, a hobgoblin and a kobold.

Vanquished Creatures
  A bullfrog (D:4)
  2 adders
  An adder skeleton (D:3)
  2 leopard geckos (D:2)
  5 bats
  A giant cockroach (D:1)
  3 goblins
  3 hobgoblins
  3 jackals
  4 ball pythons
  7 kobolds
  A quokka zombie (D:2)
  A rat (D:2)
34 creatures vanquished.

Notes
Turn   | Place    | Note
-------+----------+-------------------------------------------
     0 | D:1      | homeworkjunkie the Hill Orc Fighter began the quest for the Orb.
     0 | D:1      | Reached XP level 1. HP: 19/19 MP: 1/1
    82 | D:1      | Reached XP level 2. HP: 24/27 MP: 2/2
   478 | D:2      | Reached XP level 3. HP: 18/33 MP: 3/3
   614 | D:2      | Found a faded altar of an unknown god.
   909 | D:4      | Noticed a bullfrog
   917 | D:4      | Killed a bullfrog
   917 | D:4      | Reached XP level 4. HP: 24/40 MP: 4/4
  1070 | D:3      | Noticed a hungry ghost
  1074 | D:3      | Reached XP level 5. HP: 37/47 MP: 5/5
  1081 | D:3      | Killed from afar by a hobgoblin

Skill      XL: |  1  2  3 |
---------------+----------+-----
Axes           | 3 4 |  4.1
Fighting       | 4 |  4.4
Armour         | 4 |  4.0
Shields        | 4 |  4.2
Dodging        | |  0.2
Stealth        | |  0.1

Action                   |  1- 3 |  4- 6 || total
-------------------------+-------+-------++-------
Melee: War axe           |   103 |    15 ||   118
  Use: Scroll            |     8 |       ||     8
       Potion            |     1 |     1 ||     2
  Eat: Ration            |     1 |       ||     1
Armor: Scale mail        |    61 |       ||    61
       Chain mail        |     7 |    14 ||    21
Dodge: Dodged            |    34 |     5 ||    39
Block: Shield            |    61 |    18 ||    79
